 Dungeon Crawl Stone Soup version 0.24.0-13-gcf9b3192b9 (webtiles) character file.

Game seed: 12984717299994538471, levelgen mode: deterministic

3916 FishyPogo the Skirmisher (level 10, -10/102 HPs)
             Began as a Troll Monk on Nov 8, 2019.
             Was a High Priest of Okawaru.
             Mangled by a white ugly thing (33 damage)
             ... on level 8 of the Dungeon.
             The game lasted 00:31:05 (7256 turns).

FishyPogo the Skirmisher (Troll Monk)               Turns: 7256, Time: 00:31:05

Health: -10/102    AC:  8    Str: 23    XL:     10   Next: 1%
Magic:  13/13      EV: 14    Int:  6    God:    Okawaru [*****.]
Gold:   532        SH:  0    Dex: 16    Spells: 9/9 levels left

rFire    . . .     SeeInvis .   L - +5 scimitar
rCold    . . .     Gourm    +   (no shield)
rNeg     . . .     Faith    .   F - +1 robe {MR+}
rPois    +         Spirit   .   (helmet restricted)
rElec    .         Reflect  .   N - +0 cloak
rCorr    .         Harm     .   (gloves unavailable)
MR       +....                  (boots unavailable)
Stlth    ++........             K - amulet of the acrobat
HPRegen  0.67/turn              D - ring of poison resistance
MPRegen  0.13/turn              k - +3 ring of dexterity

@: no status effects
A: large, unfitting armour, claws 3, fast metabolism 3, gourmand, regeneration
1, shaggy fur 1, tough skin 3
a: Heroism, Finesse, Renounce Religion


You were on level 8 of the Dungeon.
You worshipped Okawaru.
Okawaru was extremely pleased with you.
You were completely stuffed.

You visited 1 branch of the dungeon, and saw 10 of its levels.
You also visited: Sewer.

You collected 532 gold pieces.

Inventory:

Hand Weapons
 L - a +5 scimitar (weapon)
Missiles
 c - 289 stones
 p - 20 javelins
 r - 51 poisoned darts (quivered)
 I - 8 boomerangs
Armour
 a - a +0 robe
 F - a +1 robe of magic resistance (worn)
 N - a +0 cloak (worn)
Magical Staves
 s - an uncursed staff of poison
Jewellery
 k - a +3 ring of dexterity (right claw)
 w - an uncursed ring of ice
 D - a ring of poison resistance (left claw)
 H - the ring of the Mage {Wiz MR++ Int+3}
   (You found it on level 10 of the Dungeon)

   [ring of wizardry]

   It improves your spell success rate.
   It affects your intelligence (+3).
   It affects your resistance to hostile enchantments.
 K - an amulet of the acrobat (around neck)
Wands
 d - a wand of scattershot (3)
 g - a wand of acid (6)
 i - a wand of enslavement (5)
 G - a wand of disintegration (10)
 M - a wand of random effects (16)
Scrolls
 j - 3 scrolls of amnesia {unknown}
 o - 2 scrolls of teleportation {unknown}
 q - 3 scrolls of fear {unknown}
 t - 6 scrolls of identify {unknown}
 u - a scroll of immolation {unknown}
 x - 3 scrolls of enchant armour {unknown}
 y - 2 scrolls of fog {unknown}
 C - a scroll of enchant weapon {unknown}
 J - a scroll of blinking {unknown}
 O - a scroll of magic mapping
Potions
 e - 2 potions of agility {unknown}
 f - 2 potions of haste
 h - 2 potions of curing
 l - 2 potions of flight
 m - a potion of lignification
 n - 2 potions of cancellation {unknown}
 v - 3 potions of heal wounds
 z - 2 potions of brilliance {unknown}
 A - 2 potions of resistance {unknown}
 B - 3 potions of degeneration {unknown}
Comestibles
 b - 10 rations
 E - 2 chunks of flesh


   Skills:
 * Level 7.1 Fighting
 + Level 0.8 Long Blades
 + Level 3.8 Throwing
 * Level 6.7 Dodging
 - Level 1.0 Stealth
 - Level 6.0 Unarmed Combat
 + Level 5.6 Invocations


You had 9 spell levels left.
You didn't know any spells.
Your spell library contained the following spells:

 Spells                   Type           Power        Failure   Level  Hunger
 Sting                    Conj/Pois      #...         45%         1    ##.....
 Poisonous Vapours        Pois/Air       #.....       58%         2    ###....
 Mephitic Cloud           Conj/Pois/Air  #.......     83%         3    ####...
 Olgreb's Toxic Radiance  Pois           #.......     99%         4    #####..
 Venom Bolt               Conj/Pois      #.........   100%        5    ######.


Dungeon Overview and Level Annotations

Branches:
Dungeon (10/15)            Temple (0/1) D:5           Sewer (visited)
   Lair: D:8-11         Orc: D:9-12

Altars:
Ashenzari
Cheibriados
Fedhas
Kikubaaqudgha
Okawaru
Qazlal
Sif Muna
Uskayaw
Vehumet
Wu Jian
Beogh

Annotations:
D:4 3 runed translucent doors, ponobo's ghost, novice DrCj


Innate Abilities, Weirdness & Mutations

You are too large for most types of armour.
You have claws for hands.
Your metabolism is lightning-fast.
You like to eat raw meat.
Your natural rate of healing is unusually fast.
You are covered in fur. (AC +1)
You have extremely tough skin. (AC +3)


Message History

Aim: a white ugly thing (lightly wounded, covered in acid)
The bolt of acid misses the white ugly thing.
Evoke which item? (* to show all) (? for menu, Esc to quit)
Aiming: Random Effects
Press: ? - help, Shift-Dir - straight line, f/p - white ugly thing
Aim: a white ugly thing (lightly wounded, covered in acid)
The white ugly thing flickers and vanishes!
Deactivating autopickup; reactivate with Ctrl-A.
Okay, then.
Evoke which item? (* to show all) (? for menu, Esc to quit)
Aiming: Disintegrate
Press: ? - help, Shift-Dir - straight line Something is blasted!
You barely miss something. Something trunk-slaps you! Something freezes you!!
Okay, then.
You hit something. Something trunk-slaps you. Something freezes you!
Something trunk-slaps you!
* * * LOW HITPOINT WARNING * * *
Something freezes you!!
You die...

#..# ###..........# ##......
#..# #............## ###....
##.#### ##............. #
##...
##.....####...........##.##
###.
>........###...>.......... #
#......>...........####.###
##.......#.........##.....##
###......##.......#.......#
##.....<##...@{.#.......#.
###.....###....)..._.....
##.....####..#.......#
#.....# ##.#.......# #.....
#.##.....## ##... #.####.###
.. ... ... ... .... .. #....


There were no monsters in sight!

Vanquished Creatures
  2 hippogriffs
  A water moccasin (D:5)
  3 sky beasts
  4 ogres
  A phantom (D:4)
  A centaur (D:8)
  3 bullfrogs
  A wyvern skeleton (D:6)
  2 scorpions
  12 wights
  9 killer bees (D:10)
  3 bullfrog zombies (D:5)
  2 centaur zombies (D:5)
  2 crimson imps
  3 hounds
  An orc priest (D:4)
  2 jellies (D:5)
  6 bullfrog skeletons
  4 iguanas
  4 orc wizards
  A centaur skeleton (D:6)
  Ijyb (D:3)
  Terence (D:3)
  10 worker ants
  2 hound skeletons (D:5)
  2 gnolls
  A howler monkey skeleton (D:6)
  A river rat (D:5)
  9 adders
  A shadow imp (D:7)
  6 oozes (Sewer)
  2 adder skeletons
  An adder zombie (D:6)
  6 worms
  3 dart slugs (D:3)
  6 leopard geckos
  15 orcs
  10 giant cockroaches
  9 goblins
  11 hobgoblins
  14 jackals
  3 quokkas
  5 ball pythons
  11 bats
  4 frilled lizards
  5 kobolds
  A leopard gecko skeleton (D:4)
  A leopard gecko zombie (D:5)
  2 quokka skeletons (D:5)
  A quokka zombie (D:5)
  9 rats
220 creatures vanquished.

Notes
Turn   | Place    | Note
-------+----------+-------------------------------------------
     0 | D:1      | FishyPogo the Troll Monk began the quest for the Orb.
     0 | D:1      | Reached XP level 1. HP: 22/22 MP: 0/0
   117 | D:1      | Reached XP level 2. HP: 28/29 MP: 1/1
   137 | D:3      | Noticed Ijyb
   384 | D:1      | Reached XP level 3. HP: 18/36 MP: 2/2
   539 | D:1      | Reached skill level 1 in Throwing
   603 | D:2      | Found a snail-covered altar of Cheibriados.
   616 | D:2      | Reached skill level 3 in Fighting
   811 | D:2      | Found an iron altar of Okawaru.
   819 | D:2      | Became a worshipper of Warmaster Okawaru
   819 | D:2      | Reached * piety under Okawaru
   819 | D:2      | Reached ** piety under Okawaru
  1233 | D:2      | Reached XP level 4. HP: 45/45 MP: 3/3
  1991 | D:3      | Found an ancient bone altar of Kikubaaqudgha.
  1992 | D:3      | Found a blossoming altar of Fedhas.
  2170 | D:3      | Noticed Terence
  2178 | D:3      | Killed Terence
  2178 | D:3      | Reached XP level 5. HP: 51/53 MP: 1/4
  2613 | D:3      | Killed Ijyb
  2661 | D:4      | Found a shattered altar of Ashenzari.
  2833 | D:4      | Reached skill level 4 in Fighting
  2860 | D:4      | Reached XP level 6. HP: 62/62 MP: 5/5
  3097 | D:4      | Reached skill level 1 in Invocations
  3313 | D:4      | Found a runed translucent gate.
  3314 | D:4      | Found a runed translucent gate.
  3314 | D:4      | Identified the +4 chain mail of the Robin {rElec rC+ SInv}
  3314 | D:4      | Noticed an orc warrior
  3315 | D:4      | Found a runed translucent gate.
  3316 | D:4      | Noticed ponobo's ghost (novice DrCj)
  3321 | D:4      | Found a roughly hewn altar of Beogh.
  3617 | D:5      | Entered Level 5 of the Dungeon
  3617 | D:5      | Noticed a water moccasin
  3626 | D:5      | Killed a water moccasin
  3626 | D:5      | Reached XP level 7. HP: 71/71 MP: 7/7
  3687 | D:5      | Reached *** piety under Okawaru
  3707 | D:5      | Found a hide-covered altar of Uskayaw.
  3707 | D:5      | Noticed a +0 hand axe
  3708 | D:5      | Noticed a +0 hand axe
  3874 | D:5      | Found a glowing drain.
  3906 | Sewer    | Entered a sewer
  3948 | Sewer    | Reached skill level 5 in Fighting
  3948 | Sewer    | Reached XP level 8. HP: 80/80 MP: 9/9
  4708 | D:5      | Found a staircase to the Ecumenical Temple.
  4985 | D:5      | Reached skill level 5 in Unarmed Combat
  5031 | D:5      | Reached skill level 5 in Dodging
  5117 | D:5      | Found a blossoming altar of Fedhas.
  5404 | D:6      | Noticed an air elemental
  5406 | D:6      | Found a stormy altar of Qazlal.
  5536 | D:6      | Received a gift from Okawaru
  5610 | D:6      | Found an ornate altar of the Wu Jian Council.
  5701 | D:6      | Reached XP level 9. HP: 89/89 MP: 11/11
  5719 | D:6      | Reached skill level 6 in Fighting
  6142 | D:7      | Reached **** piety under Okawaru
  6160 | D:7      | Reached skill level 5 in Invocations
  6279 | D:7      | Received a gift from Okawaru
  6361 | D:7      | Found a shimmering blue altar of Sif Muna.
  6850 | D:10     | Entered Level 10 of the Dungeon
  6875 | D:10     | Reached skill level 7 in Fighting
  6992 | D:10     | Reached ***** piety under Okawaru
  7138 | D:10     | Found the ring of the Mage {Wiz MR++ Int+3}
  7187 | D:10     | Noticed a two-headed ogre
  7232 | D:8      | Found a radiant altar of Vehumet.
  7242 | D:8      | Reached XP level 10. HP: 102/102 MP: 13/13
  7244 | D:8      | Noticed a white ugly thing
  7256 | D:8      | Mangled by a white ugly thing

Levels and vault maps discovered:
D:1:      ncdulo_watergridlock, layout_basic
D:2:      layout_basic, nicolae_overflow_hidden_temple, old_standard_altar,
          hangedman_decor_clover_reticule
D:3:      layout_loops_cross, grunt_temple_overflow_growth_and_decay,
          minmay_box_of_dots, uniq_ijyb, uniq_terence
D:4:      cheibrodos_helix_gallery, layout_basic, lemuel_crystal_altar,
          biasface_ghost_orc_armoury, first_ration
D:5:      minmay_bubble_buster, layout_basic, dancing_weapons_uskayaw,
          minmay_temple_entry_poolview, serial_undead, serial_undead_d,
          serial_undead_a, serial_undead_c, serial_undead_d, serial_undead_d,
          portal_sewer_entry_c, fedhas_altar_4
D:6:      layout_gridville, kennysheep_little_box,
          nicolae_qazlal_style_of_elements, due_unseen_surprise
D:7:      layout_basic, kennysheep_mini_moat
D:8:      layout_cave_pods, lemuel_zombie_altar_yredelemnul, old_standard_altar
D:9:      layout_loops_corners, lair_entry_dummy
D:10:     layout_rooms, serial_shops, nicolae_shop_statue_plus

Skill      XL: |  1  2  3  4  5  6  7  8  9 |
---------------+----------------------------+-----
Throwing       | 1 2 3 |  3.8
Fighting       | 3 4 5 7 |  7.1
Dodging        | 3 4 5 6 |  6.7
Unarmed Combat | 4 5 6 |  6.0
Invocations    | 1 3 4 5 |  5.6
Long Blades    | |  0.8
Stealth        | |  1.0

Action                   |  1- 3 |  4- 6 |  7- 9 | 10-12 || total
-------------------------+-------+-------+-------+-------++-------
Melee: Unarmed           |   100 |   162 |   372 |       ||   634
       Punch             |     1 |     2 |     9 |     1 ||    13
       Scimitar          |       |       |    42 |     3 ||    45
Throw: Dart              |       |    17 |     2 |       ||    19
       Stone             |       |     3 |    12 |       ||    15
       Boomerang         |       |       |    35 |       ||    35
       Javelin           |       |       |     3 |       ||     3
Invok: Heroism           |       |     2 |     3 |       ||     5
Evoke: Wand              |       |       |       |     5 ||     5
  Use: Potion            |       |     2 |     4 |       ||     6
       Scroll            |       |       |     4 |       ||     4
 Stab: Sleeping          |     3 |     3 |     6 |       ||    12
       Distracted        |       |       |     1 |       ||     1
  Eat: Chunk             |    17 |    20 |    37 |       ||    74
Armor: Robe              |    54 |    38 |    91 |       ||   183
       Skin              |       |     5 |       |       ||     5
Dodge: Dodged            |    65 |    57 |   234 |     1 ||   357
       Rpst.: Scimitar   |       |       |    24 |     1 ||    25
